 Dungeon Crawl Stone Soup version 0.30.0-10-gfe55d96785 (webtiles) character file.

Game seed: 17974950363455888614

9 monsoonserge the Cudgeller (level 2, 0/26 HPs)
             Began as a Meteoran Berserker on May 14, 2023.
             Was a Follower of Trog.
             Succumbed to a kobold's poison
             ... on level 1 of the Dungeon.
             The game lasted 00:01:33 (170 turns).

monsoonserge the Cudgeller (Meteoran Berserker)      Turns: 170, Time: 00:01:33

Health: 0/26       AC:  3    Str: 18    XL:     2   Next: 35%
Magic:  3/3        EV: 12    Int:  8    God:    Trog [*.....]
Gold:   53         SH:  0    Dex: 13    Spells: 1/1 levels left

rFire   . . .        a - +0 mace
rCold   . . .        (no shield)
rNeg    . . .        b - +0 animal skin
rPois   .            (no helmet)
rElec   .            (no cloak)
rCorr   .            (no gloves)
SInv    .            c - +0 pair of boots
Will    .....        (no amulet)
Stlth   +            (no ring)
HPRegen 0.24/turn    (no ring)
MPRegen 0.08/turn

%: no passive effects
@: lethally poisoned (0 -> -18), glowing
A: sense surroundings 1, otherworldly, glowing, explore regen
a: Renounce Religion, Berserk


You were on level 1 of the Dungeon.
You worshipped Trog.
Trog was aware of your devotion.
You visited 1 branch of the dungeon, and saw 1 of its levels.

You collected 53 gold pieces.

Inventory:

Hand Weapons
 a - a +0 mace (weapon)
Armour
 b - a +0 animal skin (worn)
 c - a +0 pair of boots (worn)


   Skills:
 + Level 3.5 Fighting
 * Level 0.3(2.3) Axes
 - Level 4.2 Maces & Flails
 * Level 0.5(2.3) Staves
 + Level 2.4 Armour
 + Level 2.5 Dodging


You had one spell level left.
You didn't know any spells.
Your spell library was empty.

Dungeon Overview and Level Annotations

Branches:
Dungeon (1/15) Zot: 425

Altars:


Innate Abilities, Weirdness & Mutations

You passively map a small area around you.
You are easily found by Zot.
You glow in the dark.
You regain HP and MP as you explore.


Message History

A ball python comes into view.
The ball python hisses angrily.
A kobold comes into view. It is wielding a +1 dagger of venom.
The kobold shouts!
The ball python barely misses you. The ball python grabs you.
The ball python constricts you.
You see here 15 gold pieces.
You closely miss the ball python.
The ball python bites you but does no damage.
The ball python constricts you.
You closely miss the ball python. The ball python bites you.
The ball python constricts you. The ball python closely misses you.
The ball python constricts you.
You closely miss the ball python.
The ball python bites you but does no damage.
The ball python constricts you.
A ball python comes into view.
The ball python hisses angrily.
You hit the ball python but do no damage.
The kobold hits you with a +1 dagger of venom.
You are poisoned.
The ball python bites you but does no damage.
The ball python constricts you.
The kobold hits you with a +1 dagger of venom.
You are more poisoned.
You barely miss the ball python.
You feel very sick. The ball python bites you. The ball python constricts you.
The ball python bites you. The ball python constricts you.
The kobold hits you with a +1 dagger of venom.
You hit the ball python.
You kill the ball python!
Trog accepts your kill.
* * * LOW HITPOINT WARNING * * *
You feel very sick.
The kobold hits you with a +1 dagger of venom.
* * * LOW HITPOINT WARNING * * *
You are more poisoned.
You hit the kobold but do no damage.
You die...

.......##########
######.#........###
# #.#.#...♣♣...## #
#.....♣♣♣♣♣...# #**
###...♣ ♣.#.# .
##..♣*,*♣.#,# #
##.♣ ♣.#,* #.♣ ♣.#
* * #.. ♣@#,* **
#......K# , ,
#####..## , ,
....,, ,, ..... ,~
,...#... , *
#....§. , ,
,...#... , ~ ,


You could see a kobold.

Vanquished Creatures
  2 goblins (D:1)
  3 jackals (D:1)
  2 ball pythons (D:1)
  A rat (D:1)
8 creatures vanquished.

Notes
Turn   | Place    | Note
-------+----------+-------------------------------------------
     0 | D:1      | monsoonserge the Meteoran Berserker began the quest for the
                  | Orb.
     0 | D:1      | Reached XP level 1. HP: 19/19 MP: 2/2
    44 | D:1      | Reached XP level 2. HP: 22/26 MP: 3/3
   170 | D:1      | Succumbed to a kobold's poison

Illustrated notes

Levels and vault maps discovered:
D:1:      spicycebolla_arrival_risky_transporter, layout_loops_ring,
          nrook_campfire, nicolae_concentric_dashed_squares_wild,
          nicolae_kite_square_tiling_tiny

Action                     || total
---------------------------++-------
  Melee: Mace              ||    24
 Armour: Animal skin       ||     6
  Dodge: Dodged            ||    14
